 Dungeon Crawl Stone Soup version 0.23-a0-445-g768d57b (webtiles) character file.

24311 ozpin88 the Severer (level 12, -4/115 HPs)
             Began as a Minotaur Berserker on Nov 18, 2018.
             Was a High Priest of Trog.
             Slain by a vault guard
             ... wielding a +0 great mace
              (12 damage)
             ... on level 13 of the Dungeon.
             The game lasted 00:37:22 (12295 turns).

ozpin88 the Severer (Minotaur Berserker)           Turns: 12295, Time: 00:37:22

Health: -4/115     AC: 12    Str: 26    XL:     12   Next: 79%
Magic:  0/13       EV: 13    Int:  4    God:    Trog [*****.]
Gold:   875        SH:  3    Dex: 11    Spells: 11/11 levels left

rFire    + . .     SeeInvis .   G - +3 hand axe (flame)
rCold    . . .     Gourm    .   (no shield)
rNeg     . . .     Faith    .   C - +2 scale mail {rF+}
rPois    .         Spirit   +   (helmet restricted)
rElec    .         Reflect  +   n - scarf {Spirit}
rCorr    .         Harm     .   z - +0 pair of gloves
MR       +....                  (no boots)
Stlth    +.........             A - +3 amulet of reflection
HPRegen  0.29/turn              i - ring of protection from magic
MPRegen  0.13/turn              (no ring)

@: berserk cooldown, slowed, very slow
A: retaliatory headbutt, horns 2
a: Berserk, Trog's Hand, Brothers in Arms, Renounce Religion


You were on level 13 of the Dungeon.
You worshipped Trog.
Trog was extremely pleased with you.
You were not hungry.

You visited 1 branch of the dungeon, and saw 13 of its levels.

You collected 875 gold pieces.

Inventory:

Hand Weapons
 G - a +3 hand axe of flaming (weapon)
Armour
 n - a scarf of spirit shield (worn)
 q - a +3 chain mail
 z - a +0 pair of gloves (worn)
 C - a +2 scale mail of fire resistance (worn)
 I - a +0 plate armour
Jewellery
 i - a ring of protection from magic (left hand)
 A - a +3 amulet of reflection (around neck)
Wands
 b - a wand of random effects (17)
 m - a wand of acid (4)
 v - a wand of clouds (13)
 E - a wand of polymorph (3)
 J - a wand of scattershot (4)
Scrolls
 a - 2 scrolls of acquirement {unknown}
 e - 13 scrolls of remove curse
 g - 8 scrolls of teleportation {unknown}
 h - a scroll of fear {unknown}
 j - 2 scrolls of enchant armour {unknown}
 l - 4 scrolls of enchant weapon {unknown}
 o - 5 scrolls of identify {unknown}
 r - 2 scrolls of fog {unknown}
 t - 3 scrolls of random uselessness {unknown}
 u - 5 scrolls of immolation {unknown}
 y - a scroll of magic mapping {unknown}
 K - a scroll of blinking {unknown}
Potions
 d - a potion of degeneration {unknown}
 f - 4 potions of brilliance {unknown}
 k - 6 potions of curing {unknown}
 p - a potion of mutation {unknown}
 s - 2 potions of flight {unknown}
 w - 2 potions of invisibility {unknown}
 x - 2 potions of lignification {unknown}
 B - a potion of agility {unknown}
 D - 2 potions of berserk rage {unknown}
 F - a potion of heal wounds {unknown}
 H - a potion of might {unknown}
Comestibles
 c - 17 rations
 L - 3 chunks of flesh


   Skills:
 + Level 13.2 Fighting
 + Level 15.9 Axes
 + Level 2.6 Throwing
 + Level 11.6 Armour
 + Level 6.9 Dodging
 + Level 2.6 Stealth
 + Level 3.8 Evocations


You had 11 spell levels left.
You didn't know any spells.
Your spell library was empty.

Dungeon Overview and Level Annotations

Branches:
Dungeon (13/15)            Temple (0/1) D:6            Lair (0/6) D:8
    Orc (0/2) D:11
 Vaults: D:13-14

Altars:
Elyvilon
Fedhas
Gozag
Hepliaklqana
Makhleb
Okawaru
Sif Muna
Vehumet
Yredelemnul

Shops:
D:4 %

Portals:
Trove: D:12 (give +4 demon trident)
Bailey: D:7

Annotations:
D:4 1 runed door, Getoffmy's ghost, amateur GrMo


Innate Abilities, Weirdness & Mutations

You reflexively headbutt those who attack you in melee.
You have a pair of horns on your head.


Message History

Okay, then.
The yaktaur shoots a bolt.
The bolt hits you!
* * * LOW HITPOINT WARNING * * *
You see here a bolt.
The vault guard hits you with a +0 great mace!
* * * LOW HITPOINT WARNING * * *
The yaktaur shoots a bolt.
The bolt closely misses you. The vault guard misses you.
Okay, then.
You hit the vault guard. You burn the vault guard.
Your headbutt misses the vault guard.
The vault guard is lightly wounded.
You hit the vault guard. You burn the vault guard.
The vault guard is lightly wounded.
The vault guard hits you with a +0 great mace!
* * * LOW HITPOINT WARNING * * *
You hit the vault guard. You burn the vault guard.
The vault guard is moderately wounded.
The vault guard hits you with a +0 great mace!
You die...

#### #...# #....)..#.#
#...# #.......#.# #...#
#.......#.# #.........#
#.........# #.........#
#.######..# #.# #..#
#@# #..# .... #p# #..#
#....
######.######..####..#
#.......(.............#
.≈≈≈≈...(.≈≈≈≈.####...#
≈≈≈≈≈≈..((≈≈≈≈≈.......#
≈≈≈≈≈≈..(≈≈≈≈≈≈≈.###..#
≈≈≈≈≈≈..(≈≈≈≈≈≈≈......#
#.c###'''###..######.##


You could see a vault guard.

Vanquished Creatures
  2 vault guards (D:13)
  An ogre mage (D:13)
  A hell beast (D:9)
  3 two-headed ogres
  3 skeletal warriors (D:12)
  An unseen horror (D:12)
  An orc sorcerer (D:13)
  3 ugly things
  A centaur zombie (D:12)
  A manticore (D:11)
  2 gargoyles (D:13)
  2 orange demons (D:9)
  A spiny frog (shapeshifter) (D:13)
  A komodo dragon (D:12)
  3 trolls (D:9)
  Prince Ribbit (D:6)
  4 slime creatures (D:12)
  6 hippogriffs
  Sigmund (D:2)
  A vampire (D:10)
  A spriggan (D:7)
  2 shadows (D:11)
  A wraith (D:10)
  A wyvern (D:11)
  18 yaks
  Grum (D:8)
  A hungry ghost (D:11)
  A water moccasin (D:9)
  5 orc warriors
  3 black bears
  A porcupine (D:8)
  2 sky beasts
  4 phantoms
  6 ice beasts
  A necrophage (D:12)
  6 centaurs
  4 ogres
  4 wolves (D:8)
  Blork the orc (D:5)
  9 bullfrogs
  6 big kobolds
  3 scorpions
  4 killer bees (D:11)
  8 wights (D:11)
  A howler monkey (D:8)
  4 crimson imps
  2 bullfrog zombies
  4 hounds
  A quasit (D:8)
  6 orc priests
  16 orc wizards
  6 jellies
  6 iron imps (D:9)
  Natasha (D:2)
  5 iguanas
  11 worker ants
  A statue (D:9)
  A hound skeleton (D:11)
  2 howler monkey zombies (D:6)
  A worker ant zombie (D:8)
  5 gnolls
  14 adders
  3 shadow imps
  2 oozes
  2 adder skeletons
  An adder zombie (D:7)
  2 dart slugs
  4 leopard geckos
  39 orcs
  3 ball pythons
  2 giant cockroaches
  10 goblins
  8 hobgoblins
  44 kobolds
  3 quokkas
  3 bats
  4 frilled lizards
  A jackal zombie (D:6)
  A leopard gecko zombie (D:8)
  A quokka skeleton (D:4)
  A quokka zombie (D:9)
  3 rats
356 creatures vanquished.

Vanquished Creatures (others)
  A rust devil (D:9)
  A plant (D:3)
2 creatures vanquished.

Grand Total: 358 creatures vanquished

Notes
Turn   | Place    | Note
-------+----------+-------------------------------------------
     0 | D:1      | ozpin88 the Minotaur Berserker began the quest for the Orb.
     0 | D:1      | Reached XP level 1. HP: 19/19 MP: 0/0
    43 | D:1      | Reached XP level 2. HP: 8/27 MP: 1/1
    44 | D:1      | HP: 1/27 [dart slug/slug dart (4)]
    45 | D:1      | Reached skill level 4 in Axes
   429 | D:1      | You fall through a shaft!
   744 | D:2      | Reached XP level 3. HP: 33/33 MP: 2/2
   745 | D:2      | Noticed Sigmund
   762 | D:2      | Killed Sigmund
   762 | D:2      | Reached skill level 5 in Fighting
   762 | D:2      | Reached skill level 5 in Axes
   762 | D:2      | Reached XP level 4. HP: 21/42 MP: 3/3
   762 | D:2      | Reached XP level 5. HP: 24/48 MP: 4/4
  1060 | D:2      | Noticed an ogre
  1068 | D:2      | Killed an ogre
  1223 | D:2      | Found a blossoming altar of Fedhas.
  1328 | D:2      | Reached XP level 6. HP: 54/56 MP: 5/5
  1709 | D:2      | Noticed Natasha
  1719 | D:2      | Killed Natasha
  1719 | D:2      | Reached skill level 6 in Axes
  2484 | D:3      | Reached ** piety under Trog
  2681 | D:3      | Found a faded altar of an unknown god.
  2798 | D:3      | Found a hazy altar of Hepliaklqana.
  2799 | D:3      | Found a burning altar of Makhleb.
  3239 | D:4      | Found Metokh's Food Shoppe.
  3252 | D:4      | Found a runed door.
  3315 | D:4      | Found an opulent altar of Gozag.
  3444 | D:4      | Reached skill level 1 in Stealth
  3584 | D:4      | Noticed an ice beast
  3590 | D:4      | Killed an ice beast
  3590 | D:4      | Reached XP level 7. HP: 33/63 MP: 2/6
  3909 | D:4      | Reached *** piety under Trog
  3909 | D:4      | Reached skill level 7 in Axes
  4388 | D:4      | Noticed Getoffmy's ghost (amateur GrMo)
  4530 | D:5      | Entered Level 5 of the Dungeon
  4539 | D:5      | Reached skill level 8 in Axes
  4539 | D:5      | Reached XP level 8. HP: 71/71 MP: 4/7
  4540 | D:5      | Reached skill level 5 in Armour
  4691 | D:5      | Reached skill level 9 in Axes
  4832 | D:5      | Noticed Blork the orc
  4839 | D:5      | Killed Blork the orc
  4860 | D:5      | Found a white marble altar of Elyvilon.
  4875 | D:5      | Reached **** piety under Trog
  5044 | D:6      | Reached skill level 10 in Axes
  5047 | D:6      | Noticed Prince Ribbit
  5061 | D:6      | Reached XP level 9. HP: 81/81 MP: 4/8
  5065 | D:6      | Killed Prince Ribbit
  5065 | D:6      | Reached skill level 11 in Axes
  5292 | D:6      | Found a deep blue altar of Sif Muna.
  5342 | D:6      | Found a staircase to the Ecumenical Temple.
  5804 | D:7      | Reached skill level 12 in Axes
  6020 | D:7      | Found a basalt altar of Yredelemnul.
  6081 | D:7      | Found a flagged portal.
  6377 | D:8      | Noticed Grum
  6378 | D:8      | Reached ***** piety under Trog
  6390 | D:8      | Reached XP level 10. HP: 90/90 MP: 7/9
  6399 | D:8      | Reached skill level 13 in Axes
  6405 | D:8      | Killed Grum
  6413 | D:8      | Received a gift from Trog
  6862 | D:8      | Found a staircase to the Lair.
  7119 | D:8      | Found an iron altar of Okawaru.
  7199 | D:9      | Noticed a rust devil
  7199 | D:9      | Noticed a rust devil
  7200 | D:9      | Found a burning altar of Makhleb.
  7200 | D:9      | Noticed a hell beast
  7200 | D:9      | Noticed an orange demon
  7201 | D:9      | Noticed an orange demon
  7313 | D:9      | Noticed a two-headed ogre
  7319 | D:9      | Killed a two-headed ogre
  7319 | D:9      | Reached skill level 14 in Axes
  7463 | D:9      | Reached skill level 10 in Fighting
  7789 | D:9      | Found a radiant altar of Vehumet.
  7850 | D:9      | Killed a hell beast
  7850 | D:9      | Reached XP level 11. HP: 97/99 MP: 10/10
  7859 | D:9      | Reached skill level 5 in Dodging
  7931 | D:9      | Reached skill level 1 in Evocations
  8116 | D:10     | Entered Level 10 of the Dungeon
  8282 | D:10     | Reached skill level 1 in Throwing
  8532 | D:10     | Reached skill level 15 in Axes
  8543 | D:10     | Noticed a cyan ugly thing
  8555 | D:10     | Killed a cyan ugly thing
  9122 | D:11     | Found a frozen archway.
  9157 | D:11     | Noticed a cyan ugly thing
  9165 | D:11     | Killed a cyan ugly thing
  9346 | D:11     | Found a blossoming altar of Fedhas.
  9392 | D:11     | Noticed a two-headed ogre
  9690 | D:11     | Killed a two-headed ogre
  9728 | D:11     | Found a staircase to the Orcish Mines.
  9735 | D:11     | Received a gift from Trog
  9736 | D:11     | Found the +8 arc blade {discharge, rElec}
  9846 | D:11     | Reached skill level 10 in Armour
 10940 | D:12     | Found a portal to a secret trove of treasure.
 10960 | D:12     | Reached XP level 12. HP: 87/111 MP: 6/13
 12082 | D:13     | Noticed a two-headed ogre
 12090 | D:13     | Killed a two-headed ogre
 12177 | D:13     | Noticed a vault guard
 12246 | D:13     | Killed a vault guard
 12249 | D:13     | Noticed a vault guard
 12251 | D:13     | Noticed a vault guard
 12263 | D:13     | Noticed an ogre mage
 12266 | D:13     | Killed a vault guard
 12275 | D:13     | Killed an ogre mage
 12295 | D:13     | Slain by a vault guard

Vault maps used:
D:1:      roderic_dead_forest, serial_forest, infiniplex_forest_fountain,
          infiniplex_forest_clump_tiny, infiniplex_forest_end_1,
          infiniplex_forest_lined_1, infiniplex_forest_lined_2,
          infiniplex_forest_lined_room_2, minmay_vboxes
D:2:      lemuel_upstairs_altar, lemuel_doored_altar, uniq_sigmund, uniq_natasha
D:3:      gammafunk_temple_overflow_statue, chequers_ecumenical_altar_simple,
          minmay_strange_pillars, st_stairs_11, saegor_snake_ambush
D:4:      minmay_goblin_kobold_castle,
          nicolae_gozag_cash_rules_everything_around_me, serial_shops,
          nicolae_shop_behind_doors, ebering_ghost_reflecting_pool
D:5:      serial_curves, eino_curves_04, eino_curves_02, eino_curves_02,
          basic_altar, first_ration, uniq_blork_the_orc
D:6:      led_sif_book, minmay_temple_entry_grid, uniq_prince_ribbit1
D:7:      kennysheep_mini, enter_bailey_3, the_bakery
D:8:      nicolae_overflow_crystal_walls, grunt_lair_entry_orc_guard_hut,
          uniq_grum
D:9:      vehumet_statue, serial_bayou_pond_a, lemuel_hellish_altar
D:11:     david_orc_3, portal_ice_cave_entry_pillars_1, basic_altar
D:12:     nicolae_trove_entry_crossroad
D:13:     grunt_vaults_entry_fortified

Skill      XL: |  1  2  3  4  5  6  7  8  9 10 11 12 |
---------------+-------------------------------------+-----
Axes           | 4 5 6 8 10 12 14 15 | 15.9
Fighting       | 4 5 6 7 8 10 11 13 | 13.2
Armour         | 3 4 5 7 8 10 11 | 11.6
Dodging        | 3 4 5 6 |  6.9
Stealth        | 1 2 |  2.6
Evocations     | 3 |  3.8
Throwing       | 2 |  2.6

Action                   |  1- 3 |  4- 6 |  7- 9 | 10-12 || total
-------------------------+-------+-------+-------+-------++-------
Melee: Hand axe          |    27 |   110 |       |   487 ||   624
       Headbutt          |     4 |    13 |    35 |   101 ||   153
       Broad axe         |       |    12 |   234 |    27 ||   273
Throw: Tomahawk          |       |       |       |    15 ||    15
Invok: Berserk           |     2 |     3 |     4 |    11 ||    20
Evoke: Wand              |       |       |     1 |    50 ||    51
  Use: Scroll            |       |     2 |       |       ||     2
 Stab: Sleeping          |       |     1 |       |       ||     1
  Eat: Chunk             |       |     9 |     8 |    26 ||    43
       Ration            |       |     1 |     1 |     2 ||     4
Armor: Animal skin       |     3 |     5 |       |       ||     8
       Ring mail         |       |    24 |       |       ||    24
       Chain mail        |       |    23 |   161 |    77 ||   261
       Scale mail        |       |       |       |    82 ||    82
Dodge: Dodged            |    11 |    82 |   132 |   188 ||   413
Block: Other             |       |       |     5 |    54 ||    59
       Reflection        |       |       |       |     3 ||     3

Table legend:
 A = Non-vault XP
 B = Vault XP
 C = Vault XP percentage of total XP
 D = Non-vault monster count
 E = Vault monster count
 F = Vault count percentage of total count
                 A         B        C        D         E       F
            +---------+---------+-------+---------+---------+-------
      Total |   25380 |    9350 |  26.9 |     255 |     102 |  28.6
            +---------+---------+-------+---------+---------+-------
        D:1 |       5 |      14 |  73.7 |       3 |       6 |  66.7
        D:2 |     143 |     255 |  64.1 |      13 |       2 |  13.3
        D:3 |      94 |      38 |  28.8 |      17 |       7 |  29.2
        D:4 |     193 |     580 |  75.0 |       9 |      46 |  83.6
        D:5 |     600 |     103 |  14.7 |      17 |       1 |   5.6
        D:6 |     992 |     365 |  26.9 |      24 |       3 |  11.1
        D:7 |    1015 |     223 |  18.0 |      18 |       5 |  21.7
        D:8 |    1160 |    1163 |  50.1 |      28 |       9 |  24.3
        D:9 |    3420 |    2031 |  37.3 |      25 |      11 |  30.6
       D:10 |    3868 |       3 |   0.1 |      29 |       1 |   3.3
       D:11 |    4549 |     255 |   5.3 |      35 |       5 |  12.5
       D:12 |    7957 |       0 |   0.0 |      34 |       0 |   0.0
       D:13 |    1384 |    4320 |  75.7 |       3 |       6 |  66.7
            +---------+---------+-------+---------+---------+-------
